 Dungeon Crawl Stone Soup version 0.23-a0-550-g7de1f8e (webtiles) character file.

2549 Amnesiac the Jinx (level 9, -2/40 HPs)
             Began as a Spriggan Enchanter on Dec 9, 2018.
             Was an Initiate of Gozag.
             Slain by a troll (10 damage)
             ... on level 9 of the Dungeon on Dec 10, 2018.
             The game lasted 00:20:58 (8333 turns).

Amnesiac the Jinx (Spriggan Enchanter)              Turns: 8333, Time: 00:20:59

Health: -2/40      AC:  4    Str:  4    XL:     9   Next: 30%
Magic:  20/21      EV: 22    Int: 19    God:    Gozag
Gold:   404        SH:  0    Dex: 17    Spells: 9/23 levels left

rFire    + . .     SeeInvis +   a - +1 dagger
rCold    + . .     Gourm    .   (shield restricted)
rNeg     + . .     Faith    .   w - +2 robe {rN+}
rPois    +         Spirit   .   (helmet restricted)
rElec    .         Reflect  .   b - scarf {rC+ rF+}
rCorr    .         Harm     .   (gloves unavailable)
MR       ++...                  (boots unavailable)
Stlth    ++++......             (no amulet)
HPRegen  0.13/turn              m - ring of poison resistance
MPRegen  0.17/turn              j - ring of protection from magic

@: confusing touch, very quick
A: very small, unfitting armour, see invisible, herbivore, speed 3, slow
metabolism 2
a: Potion Petition, Call Merchant, Bribe Branch, Renounce Religion


You were on level 9 of the Dungeon.
You worshipped Gozag.
Gozag was aware of your devotion.
You were completely stuffed.

You visited 2 branches of the dungeon, and saw 9 of its levels.

You collected 1026 gold pieces.
You spent 552 gold pieces at shops.
You paid 70 gold pieces to Gozag.

Inventory:

Hand Weapons
 a - a +1 dagger (weapon)
Armour
 b - a scarf of resistance (worn)
 w - a +2 robe of positive energy (worn)
Jewellery
 j - a ring of protection from magic (right hand)
 m - a ring of poison resistance (left hand)
 y - an uncursed ring of fire
Wands
 C - a wand of flame (22)
Scrolls
 f - 2 scrolls of blinking {!r, unknown}
 g - 6 scrolls of remove curse {!r}
 h - a scroll of immolation {!r, unknown}
 i - a scroll of fog {!r, unknown}
 o - 6 scrolls of identify {!r}
 p - a scroll of enchant armour {!r, unknown}
 r - 3 scrolls of teleportation {!r}
 s - 2 scrolls of random uselessness {!r, unknown}
 u - 2 scrolls of enchant weapon {!r, unknown}
 A - a scroll of amnesia {!r, unknown}
 E - a scroll of fear {!r, unknown}
 F - a scroll of magic mapping {!r}
Potions
 c - 4 potions of might {!q, unknown}
 e - 4 potions of mutation {!q, unknown}
 k - 2 potions of cancellation {!q}
 l - 2 potions of ambrosia {!q}
 n - 2 potions of lignification {!q}
 q - 2 potions of heal wounds {!q, unknown}
 t - a potion of brilliance {!q, unknown}
 v - a potion of agility {!q, unknown}
 x - 2 potions of degeneration {!q, unknown}
 z - a potion of curing {!q, unknown}
 B - a potion of flight {!q, unknown}
 D - a potion of invisibility {!q}
 G - a potion of berserk rage {!q, unknown}
Comestibles
 d - 4 rations


   Skills:
 + Level 0.9 Fighting
 + Level 4.3 Short Blades
 + Level 6.3 Dodging
 + Level 9.3 Stealth
 + Level 7.8 Spellcasting
 - Level 10.0 Hexes


You had 9 spell levels left.
You knew the following spells:

 Your Spells              Type           Power        Failure   Level  Hunger
a - Ensorcelled Hibernat  Hex/Ice        ####..       1%          2    None
b - Corona                Hex            #####..      1%          1    None
c - Apportation           Tloc           #.....       10%         1    None
d - Dazzling Spray        Conj/Hex       ####..       3%          3    #......
e - Confuse               Hex            #####...     1%          3    #......
w - Tukima's Dance        Hex            #####...     1%          3    #......
z - Confusing Touch       Hex            #####.       1%          1    None

Your spell library contained the following spells:

 Spells                   Type           Power        Failure   Level  Hunger
 Animate Skeleton         Necr           N/A          10%         1    None
 Summon Small Mammal      Summ           #...         10%         1    None
 Recall                   Summ/Tloc      N/A          28%         3    #......
 Animate Dead             Necr           N/A          67%         4    ###....
 Borgnjor's Vile Clutch   Necr/Erth      #.........   95%         5    #####..
 Death Channel            Necr           #.........   100%        6    ######.
 Simulacrum               Ice/Necr       #.........   100%        6    ######.


Dungeon Overview and Level Annotations

Branches:
Dungeon (7/15)             Temple (1/1) D:5

Altars:
Ashenzari
Cheibriados
Dithmenos
Elyvilon
Fedhas
Gozag
Hepliaklqana
Kikubaaqudgha
Makhleb
Nemelex Xobeh
Okawaru
Qazlal
Ru
Trog
Uskayaw
Vehumet
Wu Jian
Xom
Yredelemnul
The Shining One

Shops:
D:4 :   D:9 [


Innate Abilities, Weirdness & Mutations

You are very small and have problems with some larger weapons.
You are too small for most types of armour.
You have supernaturally acute eyesight. (SInv)
You are a herbivore.
You cover ground extremely quickly.
You need to consume almost no food.


Message History

The bullfrog hits you.
You hit the bullfrog but do no damage.
The bullfrog appears confused.
You hit the bullfrog.
The bullfrog is lightly wounded.
You catch the helpless bullfrog completely off-guard!
You impale the bullfrog!!
You kill the bullfrog!
No target in view!
No target in view!
You now have 373 gold pieces (gained 6).
Magic restored.
A jelly comes into view.
A jelly is nearby!
The helpless jelly fails to defend itself.
You stick the jelly like a pincushion!!!
You kill the jelly!
A black bear comes into view.
As you open the door, it creaks loudly!
You hear an angry growl.
Found 15 gold pieces.
There is an open door here.
There is an open door here.
Casting: Confusing Touch (safe; 1% risk of failure)
Confirm with . or Enter, or press ? or * to list all spells.
Your hands begin to glow red.
The black bear bites you. The black bear misses you.
The black bear closely misses you.
You hit the black bear but do no damage.
The black bear appears confused.
You hit the black bear but do no damage.
The black bear misses you. The black bear completely misses you.
The black bear closely misses you.
You strike the helpless black bear from behind!
You impale the black bear!!
You kill the black bear!
No target in view!
No target in view!
You now have 380 gold pieces (gained 7).
You now have 389 gold pieces (gained 9).
There is an open door here.
You now have 404 gold pieces (gained 15).
You see here 4 tomahawks.
You open the door.
There is an open door here.
You open the door.
There is an open door here.
A troll comes into view.
A troll is nearby!
A troll is nearby!
A troll is nearby!
The troll shouts!
You closely miss the troll.
Casting: Confusing Touch (safe; 1% risk of failure)
Confirm with . or Enter, or press ? or * to list all spells.
Your hands begin to glow red.
The troll bites you. The troll claws you! The troll misses you.
You barely miss the troll. The troll bites you!
* * * LOW HITPOINT WARNING * * *
The troll claws you!
* * * LOW HITPOINT WARNING * * *
The troll closely misses you.
You hit the troll but do no damage. The troll bites you but does no damage.
The troll completely misses you. The troll claws you!
You die...
Your body crumbles into a pile of gold.

...##.....#........'....##
....##....#........#.....#
.)...#.∩..###'######.....#
.)...#...................#######
.....#......#######............#
....##......#.....####.........#
...##.......#........#.........#
#'##........#...T....#.........#
............#...@....#.........#
............###......#.........#
..............#......#..########
#'##..........#......#..
...##.........#......#..
..).##........'......+
.....#........#......+
.....#........#......#
.....#........#......+


You could see a troll.

Vanquished Creatures
  Eustachio (D:6)
  Duvessa (D:4)
  2 orc warriors
  A black bear (D:9)
  2 ogres
  2 phantoms
  3 centaurs
  4 bullfrogs
  2 scorpions
  Dowan (D:4)
  5 wights (D:2)
  2 howler monkeys
  2 crimson imps (D:6)
  A hound (D:6)
  A jelly (D:9)
  3 orc wizards
  Natasha (thrice) (D:4)
  3 iguanas
  4 worker ants
  2 hound skeletons
  6 adders
  2 shadow imps
  An ooze (D:6)
  An adder zombie (D:5)
  4 worms
  A dart slug (D:4)
  5 leopard geckos
  14 orcs
  9 giant cockroaches
  5 hobgoblins
  7 jackals
  5 kobolds
  A quokka (D:6)
  10 bats
  3 frilled lizards
  9 goblins
  A quokka zombie (D:6)
  4 rats
  3 rat zombies (D:6)
136 creatures vanquished.

Vanquished Creatures (collateral kills)
  An orc warrior (D:6)
  Blork the orc (D:6)
2 creatures vanquished.

Grand Total: 138 creatures vanquished

Notes
Turn   | Place    | Note
-------+----------+-------------------------------------------
     0 | D:1      | Amnesiac the Spriggan Enchanter began the quest for the
                  | Orb.
     0 | D:1      | Reached XP level 1. HP: 9/9 MP: 5/5
   129 | D:2      | Noticed an orc warrior
   134 | D:2      | Noticed a wight
   135 | D:2      | Noticed a wight
   200 | D:2      | Found a faded altar of an unknown god.
   224 | D:2      | Noticed a phantom
   360 | D:2      | Noticed a wight
   361 | D:2      | Noticed a wight
   572 | D:3      | Found a bloodstained altar of Trog.
   591 | D:3      | Reached XP level 2. HP: 13/13 MP: 4/6
   635 | D:3      | Learned a level 2 spell: Ensorcelled Hibernation
  1051 | D:3      | Found a radiant altar of Vehumet.
  1155 | D:4      | Reached skill level 5 in Stealth
  1155 | D:4      | Reached skill level 4 in Hexes
  1155 | D:4      | Reached XP level 3. HP: 8/16 MP: 2/8
  1160 | D:4      | Learned a level 3 spell: Confuse
  1341 | D:4      | Reached XP level 4. HP: 17/21 MP: 1/9
  1584 | D:4      | Noticed Dowan
  1693 | D:4      | Noticed Natasha
  1696 | D:4      | Killed Natasha
  1696 | D:4      | Reached XP level 5. HP: 21/24 MP: 3/10
  1701 | D:4      | Learned a level 3 spell: Tukima's Dance
  1885 | D:4      | Noticed an ogre
  2055 | D:5      | Entered Level 5 of the Dungeon
  2055 | D:5      | Noticed a centaur
  2059 | D:5      | Killed a centaur
  2059 | D:5      | Reached skill level 5 in Dodging
  2061 | D:5      | Noticed a centaur
  2062 | D:5      | Reached XP level 6. HP: 28/28 MP: 2/11
  2115 | D:4      | Noticed Duvessa
  2119 | D:4      | Killed Dowan
  2194 | D:4      | Found Sosmul's Book Boutique.
  2218 | D:4      | Noticed Natasha
  2307 | D:5      | Found a radiant altar of Vehumet.
  2381 | D:5      | Found a staircase to the Ecumenical Temple.
  2395 | Temple   | Entered the Ecumenical Temple
  2401 | Temple   | Became a worshipper of Gozag Ym Sagoz the Greedy
  2553 | D:4      | Killed Natasha
  3620 | D:2      | Found a sacrificial altar of Ru.
  3620 | D:2      | Found an ornate altar of the Wu Jian Council.
  3621 | D:2      | Found an iron altar of Okawaru.
  3622 | D:2      | Found a shadowy altar of Dithmenos.
  3622 | D:2      | Found a white marble altar of Elyvilon.
  3664 | D:2      | Killed an orc warrior
  3664 | D:2      | Reached XP level 7. HP: 27/32 MP: 0/12
  4264 | D:2      | Reached skill level 5 in Spellcasting
  4466 | D:2      | Reached skill level 5 in Hexes
  4902 | D:3      | Found a radiant altar of Vehumet.
  5022 | D:3      | Found a bloodstained altar of Trog.
  5431 | D:4      | Killed Duvessa
  5581 | D:4      | Noticed Natasha
  5589 | D:4      | Killed Natasha
  5745 | D:4      | Bought a book of Cantrips for 200 gold pieces
  5747 | D:4      | Learned a level 1 spell: Confusing Touch
  5749 | D:4      | Learned a level 1 spell: Apportation
  5753 | D:4      | Learned a level 3 spell: Dazzling Spray
  6004 | D:4      | Reached XP level 8. HP: 36/36 MP: 15/18
  6374 | D:4      | Found Sosmul's Book Boutique.
  6822 | D:5      | Reached skill level 6 in Hexes
  7418 | D:6      | Reached skill level 7 in Hexes
  7477 | D:6      | Noticed Blork the orc
  7485 | D:6      | Killed Blork the orc
  7485 | D:6      | Reached skill level 8 in Hexes
  7757 | D:6      | Noticed Eustachio
  7779 | D:6      | Killed Eustachio
  7779 | D:6      | Reached skill level 9 in Hexes
  7779 | D:6      | Reached XP level 9. HP: 33/39 MP: 19/21
  7844 | D:6      | Found a blossoming altar of Fedhas.
  7954 | D:6      | Found an ancient bone altar of Kikubaaqudgha.
  8118 | D:7      | You fall through a shaft for 2 floors!
  8164 | D:9      | Reached skill level 10 in Hexes
  8195 | D:9      | Found Enulic's Armour Shop.
  8212 | D:9      | Bought a scarf of resistance for 352 gold pieces
  8323 | D:9      | Noticed a troll
  8333 | D:9      | Slain by a troll

Vault maps used:
D:1:      dpeg_arrival_brainrot
D:2:      grunt_temple_overflow_open, serial_forest, infiniplex_forest_pool,
          infiniplex_forest_lined_room_2, infiniplex_forest_fountain,
          infiniplex_forest_lined_room_, chequers_ecumenical_altar_island,
          first_ration
D:3:      nicolae_overflow_hidden_temple, marbit_many_paths,
          corexii_hall_statues_u
D:4:      serial_shops, shop, uniq_natasha, uniq_duvessa
D:5:      minmay_temple_entry_glass, basic_altar, serial_park_tiny_1,
          kennysheep_donut
D:6:      fedhas_altar_4, lemuel_zombie_altar_kikubaaqudgha, uniq_eustachio,
          uniq_blork_the_orc
D:7:      minitemple, grunt_livestock, minmay_holes, uniq_pikel,
          uniq_crazy_yiuf_cottage
D:9:      kennysheep_six_static_rooms, serial_shops, shop
Temple:   minmay_freezing_vapour_temple

Skill      XL: |  1  2  3  4  5  6  7  8  9 |
---------------+----------------------------+-----
Spellcasting   | 3 6 7 |  7.8
Short Blades   | 2 3 4 |  4.3
Stealth        | 5 6 8 9 |  9.3
Hexes          | 4 5 9 10 | 10.0
Dodging        | 4 5 6 |  6.3
Fighting       | |  0.9

Action                   |  1- 3 |  4- 6 |  7- 9 || total
-------------------------+-------+-------+-------++-------
Melee: Dagger            |    44 |   180 |   310 ||   534
 Cast: Corona            |    10 |       |       ||    10
       Ensorcelled Hiber |     7 |    18 |    15 ||    40
       Confuse           |     1 |    17 |    32 ||    50
       Confusing Touch   |       |       |    28 ||    28
       Tukima's Dance    |       |       |     4 ||     4
  Use: Scroll            |       |     6 |       ||     6
       Potion            |       |     1 |       ||     1
 Stab: Sleeping          |     6 |    17 |    32 ||    55
       Confused          |     1 |     5 |    40 ||    46
       Distracted        |       |       |     1 ||     1
  Eat: Ration            |       |     5 |     5 ||    10
Armor: Robe              |     3 |    26 |    13 ||    42
Dodge: Dodged            |    56 |   216 |   160 ||   432

Table legend:
 A = Non-vault XP
 B = Vault XP
 C = Vault XP percentage of total XP
 D = Non-vault monster count
 E = Vault monster count
 F = Vault count percentage of total count
                 A         B        C        D         E       F
            +---------+---------+-------+---------+---------+-------
      Total |    2871 |     771 |  21.2 |     127 |      11 |   8.0
            +---------+---------+-------+---------+---------+-------
        D:1 |      39 |       0 |   0.0 |      22 |       0 |   0.0
        D:2 |     546 |       0 |   0.0 |      29 |       0 |   0.0
        D:3 |      33 |       2 |   5.7 |      10 |       1 |   9.1
        D:4 |     439 |     251 |  36.4 |      25 |       3 |  10.7
        D:5 |     525 |       0 |   0.0 |       9 |       0 |   0.0
        D:6 |     857 |     258 |  23.1 |      23 |       5 |  17.9
        D:7 |      38 |       0 |   0.0 |       3 |       0 |   0.0
        D:9 |     382 |     260 |  40.5 |       5 |       2 |  28.6
     Temple |      12 |       0 |   0.0 |       1 |       0 |   0.0
            +---------+---------+-------+---------+---------+-------
